 Dungeon Crawl Stone Soup version 0.26-a0-1132-ge9770dfcb6 (webtiles) character file.

Game seed: 13334584884255526809

14914 Dracia the Grappler (level 11, 0/115 HPs)
             Began as a Troll Monk on Dec 20, 2020.
             Slain by a komodo dragon (15 damage)
             ... on level 2 of the Lair of Beasts.
             The game lasted 00:19:11 (9295 turns).

Dracia the Grappler (Troll Monk)                    Turns: 9295, Time: 00:19:11

Health: 0/115      AC: 15    Str: 21    XL:     11   Next: 95%
Magic:  10/10      EV: 15    Int:  6    God:
Gold:   341        SH:  0    Dex: 15    Spells: 10/10 levels left

rFire    . . .     SeeInvis .     - Unarmed
rCold    . . .     Faith    .   (no shield)
rNeg     . . .     Spirit   .   a - +2 robe
rPois    .         Reflect  .   (helmet restricted)
rElec    .         Harm     .   D - +2 cloak
rCorr    .         Rampage  .   (gloves unavailable)
Will     +....                  (boots unavailable)
Stlth    ++........             (no amulet)
HPRegen  0.69/turn              O - +4 ring of protection
MPRegen  0.12/turn              u - ring of willpower

@: studying Unarmed Combat
A: large, unfitting armour, claws 3, regeneration 1, shaggy fur 1, tough skin 3
a: no special abilities


You were on level 2 of the Lair of Beasts.
You visited 3 branches of the dungeon, and saw 12 of its levels.
You also visited: Sewer.

You collected 665 gold pieces.
You spent 324 gold pieces at shops.


Innate Abilities, Weirdness & Mutations

You are too large for most types of armour.
You have claws for hands.
Your natural rate of healing is unusually fast.
You are covered in fur. (AC +1)
You have extremely tough skin. (AC +3)


   Skills:
 + Level 9.1 Fighting
 + Level 9.1 Dodging
 - Level 1.0 Stealth
 + Level 11.9 Unarmed Combat
 + Level 4.8 Evocations


You had 10 spell levels left.
You didn't know any spells.
Your spell library contained the following spells:

 Spells                   Type           Power        Failure   Level
 Magic Dart               Conj           0%           45%         1
 Blink                    Tloc           N/A          58%         2
 Call Imp                 Summ           0%           58%         2
 Slow                     Hex            0%           58%         2
 Conjure Flame            Conj/Fire      0%           83%         3
 Mephitic Cloud           Conj/Pois/Air  0%           83%         3

Inventory:

Hand Weapons
 H - a +3 arbalest
Missiles
 k - 24 poisoned darts (quivered)
 n - a throwing net {=f=f}
 p - 3 datura-tipped darts
 q - 5 boomerangs of dispersal {=f=f}
 K - 6 curare-tipped darts {=f=f}
 L - 3 atropa-tipped darts
Armour
 a - a +2 robe (worn)
 m - the +3 robe of Pathos {Harm Int+10 Stlth+}
   (You found it on level 4 of the Dungeon)

   It affects your intelligence (+10).
   It increases damage dealt and taken.
   It makes you more stealthy.
 o - a +0 kite shield
 D - a +2 cloak (worn)
Jewellery
 r - an uncursed amulet of magic regeneration
 u - a ring of willpower (right claw)
 F - an uncursed ring of protection from fire
 I - a +6 ring of intelligence
 O - a +4 ring of protection (left claw)
 T - an uncursed amulet of faith {!P!P}
Wands
 b - a wand of flame (15)
 g - a wand of random effects (11)
 C - a wand of iceblast (6)
 G - a wand of digging (8)
 J - a wand of enslavement (5)
Scrolls
 c - 3 scrolls of remove curse {@r2@r2}
 h - 5 scrolls of identify {@r1@r1}
 i - 2 scrolls of enchant weapon
 j - 2 scrolls of fear
 l - 4 scrolls of teleportation {@r4@r4}
 s - 6 scrolls of magic mapping
 t - a scroll of fog
 B - a scroll of blinking
Potions
 d - 5 potions of curing {@q1@q1}
 e - 2 potions of lignification
 f - 2 potions of brilliance {unknown}
 v - 2 potions of resistance
 w - a potion of magic
 x - a potion of haste {@q3@q3}
 z - a potion of invisibility
 A - a potion of might
 E - 3 potions of attraction
Books
 y - a manual of Unarmed Combat {!d!d}

Dungeon Overview and Level Annotations

Branches:
Dungeon (9/15)             Temple (1/1) D:6            Lair (2/6) D:8
 Spider (0/4) Lair:2        Sewer (visited)
  Swamp: Lair:2-4    Shoals: Lair:2-4       Orc: D:9-12

Altars:
Ashenzari
Cheibriados
Dithmenos
Elyvilon
Fedhas
Gozag
Hepliaklqana
Makhleb
Nemelex Xobeh
Okawaru
Qazlal
Ru
Sif Muna
Trog
Uskayaw
Vehumet
Wu Jian
Xom
Yredelemnul
Zin
The Shining One

Shops:
D:6 [

Annotations:
Lair:2 2 transporters

..###....P###...## .##
#..........#.## ###
.####.............###.#
..#P...#.##...........##########
......#####.....##......#....P.##
.##...####.....###...............
.####..##..#..###P.......P#......
.####.###......##l...............
.....## #....#..@#...............
.#..#####........##....Yl........
#.##.##........>..##>.##.........
#####.........##..#...###.....###
# #...##......#.......##..[...P#
###.#P.####.###.........#...##
####.# #............##...##. #..
##.......P........... #..
#.###..##........#.#


You could see a komodo dragon.


Message History

The yak is almost dead.
The yak barely misses you.
You claw the yak!
You kill the yak!
You feel sick.
You claw the komodo dragon!
The komodo dragon is lightly wounded.
The komodo dragon bites you!
You scratch the komodo dragon but do no damage.
The komodo dragon is lightly wounded.
You scratch the komodo dragon.
The komodo dragon is moderately wounded.
The komodo dragon bites you!!
* * * LOW HITPOINT WARNING * * *
You are too injured to fight recklessly!
You are too injured to fight recklessly!
You are too injured to fight recklessly!
You mangle the komodo dragon!!
The komodo dragon is almost dead.
The komodo dragon bites you!!
* * * LOW HITPOINT WARNING * * *
You scratch the komodo dragon but do no damage.
The komodo dragon is almost dead.
You feel sick.
You are no longer poisoned.
The komodo dragon completely misses you.
You scratch the komodo dragon.
The komodo dragon is almost dead.
The komodo dragon bites you!
You die...

Skill      XL: |  1  2  3  4  5  6  7  8  9 10 11 |
---------------+----------------------------------+-----
Unarmed Combat | 4 5 6 7 8 9 10 11 | 11.9
Fighting       | 3 4 5 6 8 9 |  9.1
Dodging        | 3 4 5 6 8 9 |  9.1
Evocations     | 3 4 |  4.8
Stealth        | |  1.0

Action                   |  1- 3 |  4- 6 |  7- 9 | 10-12 || total
-------------------------+-------+-------+-------+-------++-------
Melee: Unarmed           |    65 |   210 |   197 |   329 ||   801
       Punch             |     1 |     6 |     9 |    19 ||    35
Evoke: Wand              |       |       |       |     7 ||     7
  Use: Scroll            |       |     8 |     8 |     3 ||    19
       Potion            |       |       |     9 |     9 ||    18
 Stab: Sleeping          |     4 |     5 |    12 |     1 ||    22
       Distracted        |       |       |     1 |     1 ||     2
Armor: Robe              |    22 |    98 |    64 |   117 ||   301
Dodge: Dodged            |    28 |   107 |    99 |   203 ||   437

Levels and vault maps discovered:
D:1:      dpeg_arrival_renting, layout_basic
D:2:      layout_loops_corners, chequers_ecumenical_altar_simple_redux,
          uniq_terence
D:3:      layout_basic, st_stairs_7, due_unseen_surprise
D:4:      layout_basic, portal_sewer_entry_a, columned_hall_lemuel
D:5:      layout_cave_pools, roderic_roman_lattice, uniq_crazy_yiuf_cottage
D:6:      layout_cave_pools, minmay_temple_entry_arrows, serial_shops,
          nicolae_shop_crystal, minmay_misc_feat_tower, uniq_menkaure
D:7:      layout_cave_pools, serial_shops, shop, grunt_ministairs_4,
          hangedman_abyss_or_decor_lesser_grid
D:8:      layout_basic, dpeg_lair_monsters, uniq_joseph
D:9:      layout_layer_cave, lemuel_doored_altar, serial_bayou_lagoon_b,
          uniq_psyche, uniq_harold
Temple:   nicolae_temple_the_god_donut
Lair:1:   wad_woods_stonehenge, layout_hall_layers, lemuel_fruit_fields,
          serial_bayou_shore_b
Lair:2:   gammafunk_boulding_lane, layout_cave_shapes, spider_nest_entry_a,
          uniq_sonja

Notes
Turn   | Place    | Note
-------+----------+-------------------------------------------
     0 | D:1      | Dracia the Troll Monk began the quest for the Orb.
     0 | D:1      | Reached XP level 1. HP: 22/22 MP: 0/0
    98 | D:1      | Reached XP level 2. HP: 29/29 MP: 1/1
   553 | D:2      | Reached XP level 3. HP: 27/36 MP: 2/2
   606 | D:2      | Reached skill level 4 in Unarmed Combat
   837 | D:2      | Reached XP level 4. HP: 44/44 MP: 3/3
   964 | D:2      | Noticed Terence
   965 | D:2      | Found a faded altar of an unknown god.
   970 | D:2      | Killed Terence
   971 | D:2      | Reached skill level 3 in Fighting
   971 | D:2      | Reached skill level 3 in Dodging
  1495 | D:3      | Reached XP level 5. HP: 53/53 MP: 4/4
  1760 | D:3      | Reached skill level 5 in Unarmed Combat
  2157 | D:4      | Reached XP level 6. HP: 61/61 MP: 5/5
  2198 | D:4      | Got an ichor-stained robe
  2199 | D:4      | Identified the +3 robe of Pathos {Harm Int+10 Stlth+} (You
                  | found it on level 4 of the Dungeon)
  2324 | D:4      | Found a glowing drain.
  2338 | Sewer    | Entered a sewer
  2411 | Sewer    | Reached skill level 6 in Unarmed Combat
  2538 | Sewer    | Reached XP level 7. HP: 68/68 MP: 6/6
  2563 | Sewer    | Reached skill level 4 in Fighting
  2563 | Sewer    | Reached skill level 4 in Dodging
  3226 | D:5      | Entered Level 5 of the Dungeon
  3490 | D:5      | Identified a potion of resistance
  3646 | D:5      | Found a runed translucent door.
  3647 | D:5      | Noticed Crazy Yiuf
  3750 | D:5      | Killed Crazy Yiuf
  3813 | D:6      | Noticed Menkaure
  3821 | D:6      | Killed Menkaure
  3822 | D:6      | Reached skill level 7 in Unarmed Combat
  3867 | D:6      | Found a staircase to the Ecumenical Temple.
  3921 | D:6      | Reached XP level 8. HP: 73/79 MP: 7/7
  3928 | D:6      | Found Faawoess's Antique Armour Emporium.
  4013 | Temple   | Entered the Ecumenical Temple
  4324 | D:6      | Bought a glowing cloak for 217 gold pieces
  4827 | D:7      | Reached skill level 8 in Unarmed Combat
  4846 | D:7      | Reached skill level 5 in Fighting
  4846 | D:7      | Reached skill level 5 in Dodging
  4941 | D:7      | Found Vesiuhas's Jewellery Shop.
  5332 | D:8      | Noticed Joseph
  5344 | D:8      | Killed Joseph
  5345 | D:8      | Reached XP level 9. HP: 68/89 MP: 8/8
  5399 | D:8      | Reached skill level 9 in Unarmed Combat
  5453 | D:8      | Noticed a two-headed ogre
  5461 | D:8      | Killed a two-headed ogre
  5462 | D:8      | Reached skill level 6 in Fighting
  5462 | D:8      | Reached skill level 6 in Dodging
  5712 | D:8      | Noticed a two-headed ogre
  5723 | D:8      | Killed a two-headed ogre
  5726 | D:8      | Reached XP level 10. HP: 32/100 MP: 9/9
  5733 | D:8      | Reached skill level 10 in Unarmed Combat
  5737 | D:8      | Noticed a death yak
  5738 | D:8      | Noticed a death yak
  5781 | D:7      | HP: 8/100 [death yak (14)]
  5782 | D:7      | HP: 3/100 [death yak (6)]
  5785 | D:7      | Killed a death yak
  5786 | D:7      | Reached skill level 7 in Fighting
  5786 | D:7      | Reached skill level 7 in Dodging
  6047 | D:8      | Found a staircase to the Lair.
  6047 | D:8      | Noticed a death yak
  6078 | D:8      | Killed a death yak
  6079 | D:8      | Reached skill level 1 in Evocations
  6080 | D:8      | HP: 9/102 [death yak (15)]
  6088 | D:8      | HP: 7/102 [death yak (4)]
  6093 | D:8      | Killed a death yak
  6094 | D:8      | Reached skill level 2 in Evocations
  6830 | Lair:1   | Entered Level 1 of the Lair of Beasts
  6830 | Lair:1   | Noticed a four-headed hydra
  6834 | Lair:1   | Noticed a cane toad
  6836 | Lair:1   | Killed a four-headed hydra
  6837 | Lair:1   | Reached skill level 8 in Fighting
  6837 | Lair:1   | Reached skill level 8 in Dodging
  6838 | Lair:1   | Noticed a cane toad
  6846 | Lair:1   | HP: 9/104 [cane toad (18)]
  7020 | D:8      | Killed a cane toad
  7082 | D:6      | Bought a glowing robe for 107 gold pieces
  7145 | D:8      | Killed a cane toad
  7167 | Lair:1   | Noticed a cane toad
  7174 | Lair:1   | Killed a cane toad
  7175 | Lair:1   | Reached skill level 3 in Evocations
  7175 | Lair:1   | Reached XP level 11. HP: 78/111 MP: 10/10
  7186 | Lair:1   | HP: 6/111 [komodo dragon (31)]
  7192 | Lair:1   | HP: 6/111 [poisoned by a cane toad]
  7199 | Lair:1   | HP: 7/111 [poisoned by a cane toad]
  7201 | Lair:1   | HP: 3/111 [wyvern (6)]
  7209 | D:8      | HP: 6/111 [poisoned by a cane toad]
  7514 | Lair:1   | Found a sparkling altar of Nemelex Xobeh.
  8002 | Lair:1   | Reached skill level 11 in Unarmed Combat
  8048 | Lair:1   | Reached skill level 4 in Evocations
  8440 | Lair:1   | Identified a scroll of acquirement
  8440 | Lair:1   | Acquired a manual of Unarmed Combat
  8617 | Lair:2   | Found a hole to the Spider Nest.
  8707 | Lair:2   | Reached skill level 9 in Fighting
  8714 | Lair:2   | Reached skill level 9 in Dodging
  8819 | Lair:2   | Noticed Sonja
  8904 | Lair:2   | Killed Sonja
  9001 | Lair:2   | Found a transporter.
  9068 | Lair:2   | Found a transporter.
  9069 | Lair:2   | Noticed a boulder beetle
  9069 | Lair:2   | Noticed a boulder beetle
  9295 | Lair:2   | Slain by a komodo dragon

Vanquished Creatures
  A hydra (Lair:1)
  2 two-headed ogres (D:8)
  3 death yaks
  Sonja (Lair:2)
  Joseph (D:8)
  An elephant (Lair:1)
  4 cane toads
  6 komodo dragons
  A jumping spider (Lair:2)
  A dream sheep (Lair:1)
  A redback (Lair:2)
  2 spriggans (D:8)
  15 yaks
  3 wyverns (Lair:1)
  A basilisk (Lair:1)
  Menkaure (D:6)
  7 water moccasins
  An ice beast (D:8)
  An ogre (D:7)
  3 sky beasts
  2 big kobolds (Sewer)
  A gnoll sergeant (D:8)
  9 bullfrogs
  3 killer bees (D:8)
  5 orc priests
  A gnoll shaman (D:7)
  Crazy Yiuf (D:5)
  4 hounds
  4 jellies
  6 orc wizards
  A bullfrog skeleton (D:5)
  Terence (D:2)
  2 iguanas
  6 worker ants
  3 hell rats (D:8)
  3 hound zombies
  A hound skeleton (D:8)
  A worker ant zombie (D:5)
  13 gnolls
  2 river rats
  15 adders
  3 ufetubi
  3 oozes
  An adder zombie (D:8)
  An adder skeleton (D:5)
  4 worms
  6 dart slugs
  A leopard gecko (D:6)
  24 orcs
  11 bats
  8 giant cockroaches
  6 goblins
  10 hobgoblins
  4 jackals (D:8)
  14 kobolds
  5 quokkas
  6 ball pythons (Sewer)
  4 frilled lizards
  A quokka skeleton (D:4)
  16 rats
268 creatures vanquished.

Vanquished Creatures (others)
  3 fungi
  42 plants
45 creatures vanquished.

Grand Total: 313 creatures vanquished

Table legend: (Time is in decaauts)
 A = Elapsed time spent in this place.
 B = Non-inter-level travel time spent in this place.
 C = Inter-level travel time spent in this place.
 D = Time resting spent in this place.
 E = Time spent auto-exploring this place.
 F = Levels seen in this place.
 G = Mean time per level.
                   A        B        C        D        E       F      G
               +--------+--------+--------+--------+--------+-----+--------+
         Total |   9256 |   8830 |    426 |   1540 |   5255 |  13 |  712.0 |
       Dungeon |   6831 |   6419 |    412 |   1134 |   3811 |   9 |  759.0 |
        Temple |    253 |    253 |      0 |      0 |    234 |   1 |  253.0 |
          Lair |   1833 |   1820 |     13 |    405 |   1030 |   2 |  916.5 |
         Sewer |    337 |    337 |      0 |      0 |    179 |   1 |  337.0 |
               +--------+--------+--------+--------+--------+-----+--------+

Top non-repeatable levels by time:
     D:8: 1889 daAuts
  Lair:1: 1001 daAuts
     D:2: 865 daAuts
     D:4: 860 daAuts
  Lair:2: 832 daAuts
     D:7: 742 daAuts
     D:6: 689 daAuts
     D:3: 688 daAuts
     D:5: 576 daAuts
     D:1: 518 daAuts
   Sewer: 337 daAuts
  Temple: 253 daAuts
     D:9: 1 daAuts

Table legend:
 A = Non-vault XP
 B = Vault XP
 C = Vault XP percentage of total XP
 D = Non-vault monster count
 E = Vault monster count
 F = Vault count percentage of total count
                 A         B        C        D         E       F
            +---------+---------+-------+---------+---------+-------
      Total |   14278 |    7028 |  33.0 |     217 |      51 |  19.0
            +---------+---------+-------+---------+---------+-------
        D:1 |      37 |       0 |   0.0 |      18 |       0 |   0.0
        D:2 |     113 |      36 |  24.2 |      23 |       1 |   4.2
        D:3 |     116 |       3 |   2.5 |      32 |       2 |   5.9
        D:4 |     315 |      17 |   5.1 |      20 |       3 |  13.0
        D:5 |     214 |      42 |  16.4 |      16 |       1 |   5.9
        D:6 |     435 |     172 |  28.3 |      12 |       1 |   7.7
        D:7 |     854 |     912 |  51.6 |      18 |       2 |  10.0
        D:8 |    3877 |    2747 |  41.5 |      43 |      13 |  23.2
     Lair:1 |    5007 |    1511 |  23.2 |      19 |       5 |  20.8
     Lair:2 |    3310 |    1314 |  28.4 |      16 |       3 |  15.8
      Sewer |       0 |     274 | 100.0 |       0 |      20 | 100.0
            +---------+---------+-------+---------+---------+-------
